 Dungeon Crawl Stone Soup version 0.28.0-53-g5a82cb258f (webtiles) character file.

Game seed: 2529211740822007279

311 funkygono the Covered (level 6, -1/55 HPs)
             Began as a Minotaur Fighter on July 5, 2022.
             Slain by a large abomination (24 damage)
             ... on level 1 of the Abyss.
             The game lasted 00:04:22 (1932 turns).

funkygono the Covered (Minotaur Fighter)            Turns: 1932, Time: 00:04:23

Health: -1/55      AC:  8    Str: 29    XL:     6   Next: 18%
Magic:  5/5        EV: 10    Int:  5    God:
Gold:   100        SH:  4    Dex:  9    Spells: 5/5 levels left

rFire   + . .      SeeInvis .   a - +0 long sword
rCold   . . .      Faith    .   c - +0 buckler
rNeg    . . .      Spirit   .   d - +1 scale mail {rF+}
rPois   .          Reflect  .   (helmet restricted)
rElec   .          Harm     .   (no cloak)
rCorr   .          Rampage  .   (no gloves)
Will    .....                   (no boots)
Stlth   ..........              (no amulet)
HPRegen 0.18/turn               f - +6 ring of strength
MPRegen 0.09/turn               (no ring)

@: no status effects
A: horns 2, retaliatory headbutt
a: no special abilities


You were on level 1 of the Abyss.
You visited 1 branch of the dungeon, and saw 3 of its levels.
You visited the Abyss 1 time.

You collected 100 gold pieces.

Inventory:

Hand Weapons
 a - a +0 long sword (weapon)
Missiles
 j - 16 bolts
 p - 3 atropa-tipped darts (quivered)
Armour
 b - a +0 scale mail
 c - a +0 buckler (worn)
 d - a +1 scale mail of fire resistance (worn)
Jewellery
 f - a +6 ring of strength (left hand)
Wands
 m - a wand of digging (6)
 n - a wand of flame (18)
Scrolls
 g - a scroll of amnesia {unknown}
 h - a scroll of noise {unknown}
 k - 2 scrolls of identify {unknown}
 o - 2 scrolls of enchant weapon {unknown}
Potions
 e - a potion of brilliance {unknown}
 i - 2 potions of mutation {unknown}
 l - a potion of degeneration {unknown}


   Skills:
 + Level 4.8 Fighting
 + Level 4.8 Long Blades
 + Level 5.5 Armour
 + Level 0.5 Dodging
 + Level 4.7 Shields


You had 5 spell levels left.
You didn't know any spells.
Your spell library was empty.

Dungeon Overview and Level Annotations

Branches:
Dungeon (3/15)

Altars:

Annotations:
D:3 Robin


Innate Abilities, Weirdness & Mutations

You have a pair of horns on your head.
You reflexively headbutt those who attack you in melee.


Message History

The goblin unwields a +0 hunting sling.
The goblin wields a +0 club.
The goblin hits you but does no damage.
You see here a hobgoblin corpse.
You slash the goblin!
You kill the goblin!
You slash the goblin!
You kill the goblin!
Robin roars a battlecry!
The hobgoblin goes into a battle-frenzy!
Items here: ( ))).
You closely miss the gnoll. The gnoll hits you with a +0 spear.
You hit the gnoll. Your headbutt misses the gnoll.
The gnoll is moderately wounded.
The gnoll closely misses you. The gnoll hits you with a +0 spear.
You slash the gnoll!
You kill the gnoll!
You see here a hobgoblin corpse.
You closely miss the gnoll. The gnoll hits you with a +0 flail.
You barely miss the gnoll. The gnoll barely misses you.
You slash the gnoll! You headbutt the gnoll.
You kill the gnoll!
You slash the gnoll!
The gnoll is severely wounded.
The gnoll hits you but does no damage. Space warps horribly around you!
You hit the gnoll. Your headbutt misses the gnoll.
The gnoll is almost dead.
The gnoll hits you but does no damage.
You are cast into the Abyss!
This branch contains the abyssal rune of Zot.
A large abomination comes into view.
Found a gateway leading deeper into the Abyss.
There is a gateway leading deeper into the Abyss here.
You block the large abomination's attack.
The large abomination hits you!!
You block the large abomination's attack.
The large abomination misses you.
A large abomination comes into view.
Found a gateway leading deeper into the Abyss.
The large abomination hits you!!
You die...

..... . .. .. . . # . #
#.. # ... .##..## #..
##. .#.#. ##.#.# ..#
#...
........##.#.#.#.##..##
.......##.#.#........
#.#.... ..... #.X..#
.....#.#..#.###.#..#
......>......X.X@.#
...#....#...#.#.....#
.......#...#....#.#.>#
###.....#.X##..#...# ##
........... ##....##
####.###.### #..#.#
##..#.. .#.#.#
#.#...#...#.#...# #.
...#...#


You could see 3 large abominations.

Vanquished Creatures
  Sigmund (D:2)
  Jessica (D:2)
  Terence (D:2)
  2 gnolls (D:3)
  A white imp (D:3)
  3 dart slugs
  2 bats
  7 endoplasms
  3 giant cockroaches
  15 goblins
  9 hobgoblins
  2 quokkas
  4 ball pythons
  4 frilled lizards
  4 kobolds (D:1)
  3 rats
62 creatures vanquished.

Vanquished Creatures (others)
  A plant (D:2)
1 creature vanquished.

Grand Total: 63 creatures vanquished

Notes
Turn   | Place    | Note
-------+----------+-------------------------------------------
     0 | D:1      | funkygono the Minotaur Fighter began the quest for the Orb.
     0 | D:1      | Reached XP level 1. HP: 19/19 MP: 0/0
   158 | D:1      | Reached XP level 2. HP: 23/27 MP: 1/1
   275 | D:1      | Reached skill level 4 in Armour
   410 | D:1      | Found a faded altar of an unknown god.
   426 | D:1      | Reached XP level 3. HP: 21/33 MP: 2/2
   733 | D:2      | Noticed Sigmund
   741 | D:2      | Killed Sigmund
   742 | D:2      | Reached skill level 5 in Armour
   742 | D:2      | Reached XP level 4. HP: 24/41 MP: 3/3
   742 | D:2      | Reached XP level 5. HP: 28/47 MP: 4/4
  1207 | D:2      | Noticed Terence
  1252 | D:2      | Killed Terence
  1454 | D:2      | Noticed Jessica
  1459 | D:2      | Killed Jessica
  1638 | D:3      | Reached XP level 6. HP: 50/55 MP: 5/5
  1782 | D:3      | Noticed Robin
  1829 | D:3      | Cast into level 1 of the Abyss (gnoll)
  1897 | Abyss:1  | Noticed a large abomination
  1900 | Abyss:1  | Noticed a large abomination
  1930 | Abyss:1  | Noticed a large abomination
  1932 | Abyss:1  | Slain by a large abomination

Illustrated notes

Levels and vault maps discovered:
D:1:      grunt_arrival_lava_bath, layout_rooms, basic_ecumenical_altar,
          corner_web_ring
D:2:      layout_basic, serial_forest, infiniplex_forest_end_1,
          infiniplex_forest_straight_4, infiniplex_forest_end_2,
          infiniplex_forest_lined_ring, infiniplex_forest_3_way,
          infiniplex_forest_clump_curved, infiniplex_forest_corner_2,
          infiniplex_forest_clump_small, infiniplex_forest_clump_long,
          minmay_tromino_v2, uniq_sigmund, uniq_terence, uniq_jessica
D:3:      layout_basic, marbit_many_paths, uniq_natasha, uniq_robin
Abyss:1:  base:
D:3

Skill      XL: |  1  2  3 |
---------------+----------+-----
Armour         | 4 5 |  5.5
Fighting       | 4 |  4.8
Shields        | 4 |  4.7
Long Blades    | 4 |  4.8
Dodging        | |  0.5

Action                   |  1- 3 |  4- 6 || total
-------------------------+-------+-------++-------
Melee: Long sword        |    62 |    63 ||   125
       Headbutt          |     5 |     7 ||    12
  Use: Potion            |       |     1 ||     1
Armor: Scale mail        |    27 |    20 ||    47
Dodge: Dodged            |    32 |    22 ||    54
Block: Buckler           |    10 |    15 ||    25
